 Dungeon Crawl Stone Soup version 0.30.1-11-g7821555f0a (webtiles) character file.

Game seed: 10380159069839289335

24 Peloso the Covered (level 2, 27/27 HPs)
             Began as a Minotaur Fighter on Jan 10, 2024.
             Got out of the dungeon alive.
             The game lasted 00:01:10 (675 turns).

Peloso the Covered (Minotaur Fighter)                Turns: 675, Time: 00:01:11

Health: 27/27      AC:  7    Str: 19 (20) XL:     2   Next: 79%
Magic:  1/1        EV:  9    Int:  0 (3)  God:
Gold:   42         SH:  4    Dex:  8 (9)  Spells: 1/1 levels left

rFire   . . .        a - +0 long sword (spect)
rCold   . . .        c - +0 buckler
rNeg    . . .        b - +0 scale mail
rPois   .            (helmet restricted)
rElec   .            (no cloak)
rCorr   .            (no gloves)
SInv    .            (no boots)
Will    .....        (no amulet) Stlth
                     (no ring)
HPRegen 0.24/turn    (no ring)
MPRegen 0.07/turn

%: no passive effects
@: slowed, lost intelligence, unable to read, very slow
A: horns 2, retaliatory headbutt, dopey 1
a: no special abilities


You escaped.
You visited 1 branch of the dungeon, and saw 1 of its levels.

You collected 42 gold pieces.

Inventory:

Hand Weapons
 a - a +0 spectral long sword (weapon)
Armour
 b - a +0 scale mail (worn)
 c - a +0 buckler (worn)
Potions
 d - 2 potions of might


   Skills:
 + Level 4.0 Fighting
 + Level 2.7 Long Blades
 + Level 4.1 Armour
 + Level 4.0 Shields


You had one spell level left.
You didn't know any spells.
Your spell library contained the following spells:

 Spells                   Type           Power      Damage    Failure   Level
 Blink                    Tloc           0%         N/A       99%         2
 Manifold Assault         Tloc           0%         N/A       100%        4
 Storm Form               Tmut/Air       0%         N/A       100%        7


Dungeon Overview and Level Annotations

Branches:
Dungeon (1/15)

Altars:


Innate Abilities, Weirdness & Mutations

You have a pair of horns on your head.
You reflexively headbutt those who attack you in melee.
You are dopey. (Int -2)


Message History

The ball python is heavily wounded.
The ball python completely misses you. The ball python barely misses you.
You hit the ball python but do no damage.
You headbutt the ball python.
You kill the ball python!
Your Shields skill increases to level 4!
k - a clear potion Done exploring.
Done exploring.
Done exploring.
As you read the scroll labelled ILOIRCH JIUHOU, it crumbles to dust.
It is a scroll of brand weapon.
Your +0 long sword acquires a faint afterimage.
a - a +0 spectral long sword (weapon)
As you read the scroll labelled CELAVE INNE, it crumbles to dust.
You assume a fearsome visage.
Nothing appears to happen.
It was a scroll of fear.
Blink to where?
Press: ? - help, Dir - move target
As you read the scroll labelled ISARISO LESI, it crumbles to dust.
It was a scroll of blinking.
As you read the scroll labelled LIERIA VEYLA, it crumbles to dust.
You hear a loud clanging noise!
It was a scroll of noise.
As you read the scroll labelled HUGELI EDAKHLUA, it crumbles to dust.
The air around you briefly surges with heat, but it dissipates.
It was a scroll of immolation.
It was a potion of degeneration.
There was something very wrong with that liquid.
You feel weakened.
You feel dopey.
You feel clumsy.
It was a potion of mutation.
You feel extremely strange.
You feel stupid.
You have lost your intelligence.
You can move again.
(D) Dungeon
Where to? (? - help)
What level of the Dungeon? (default 1, ? - help)
There is a staircase leading out of the dungeon here.
Are you sure you want to leave the Dungeon?
This will make you lose the game!
You have escaped!

.....###..........# #.....##....
..................####....)##....
>................................
...#..............####......#....
..##........###...###...###.#####
..##........#.............#.#
..##........#.............#.#
####...........###...###....#
#...........#@......#....#
####...........#.......#....#####
..........###.............#......
.....)....# #......#......#..####
..........###.............#..#...
..........##...#.......#.....#)##
)..............#......>#.....#.#.
..........##...###...###.....#.#.
..........###.............#..#.#.


There were no monsters in sight!

Vanquished Creatures
  A dart slug (D:1)
  A ball python (D:1)
  2 endoplasms (D:1)
  2 hobgoblins (D:1)
  2 kobolds (D:1)
  A quokka (D:1)
  3 bats (D:1)
  2 frilled lizards (D:1)
  5 goblins (D:1)
  3 rats (D:1)
22 creatures vanquished.

Notes
Turn   | Place    | Note
-------+----------+-------------------------------------------
     0 | D:1      | Peloso the Minotaur Fighter began the quest for the Orb.
     0 | D:1      | Reached XP level 1. HP: 19/19 MP: 0/0
    83 | D:1      | Reached XP level 2. HP: 27/27 MP: 1/1
   650 | D:1      | Lost intelligence.
   650 | D:1      | Gained mutation: You are dopey. (Int -2) [potion of
                  | mutation]
   675 | D:$      | Got out of the dungeon alive.

Illustrated notes

Levels and vault maps discovered:
D:1:      minmay_arrival_open_corners, layout_basic

Skill      XL: |  1  2 |
---------------+-------+-----
Armour         | 4 |  4.1
Fighting       | 4 |  4.0
Shields        | 4 |  4.0
Long Blades    | |  2.7

Action                     || total
---------------------------++-------
  Melee: Long sword        ||    46
         Headbutt          ||     6
    Use: Scroll            ||     5
         Potion            ||     2
 Armour: Scale mail        ||    30
  Dodge: Dodged            ||    28
  Block: Buckler           ||    13
